 Dungeon Crawl Stone Soup version 0.23-a0-445-g768d57b (webtiles) character file.

836 Larett the Cleaver (level 7, -3/57 HPs)
             Began as a Minotaur Berserker on Nov 17, 2018.
             Was a Priest of Trog.
             Slain by Duvessa
             ... wielding a +0 short sword
              (13 damage)
             ... on level 3 of the Dungeon.
             The game lasted 00:09:41 (3803 turns).

Larett the Cleaver (Minotaur Berserker)             Turns: 3803, Time: 00:09:42

Health: -3/57      AC:  9    Str: 21    XL:     7   Next: 66%
Magic:  6/6        EV:  5    Int:  4    God:    Trog [***...]
Gold:   223        SH: 11    Dex: 12    Spells: 6/6 levels left

rFire    . . .     SeeInvis .   a - +0 hand axe
rCold    . . .     Gourm    .   W - +0 large shield
rNeg     . . .     Faith    .   V - +0 scale mail
rPois    .         Spirit   .   (helmet restricted)
rElec    .         Reflect  .   Z - +2 cloak
rCorr    .         Harm     .   (no gloves)
MR       .....                  (no boots)
Stlth    ..........             (no amulet)
HPRegen  0.19/turn              (no ring)
MPRegen  0.10/turn              (no ring)

@: invisible
A: retaliatory headbutt, horns 2
a: Berserk, Trog's Hand, Renounce Religion


You were on level 3 of the Dungeon.
You worshipped Trog.
Trog was most pleased with you.
You were not hungry.

You visited 1 branch of the dungeon, and saw 4 of its levels.

You collected 223 gold pieces.

Inventory:

Hand Weapons
 a - a +0 hand axe (weapon)
 b - a +0 hunting sling
 k - a +0 hunting sling
 L - a +5 falchion of holy wrath
 M - a +3 flail of protection
Missiles
 g - 92 stones (quivered)
 l - 28 poisoned needles
 O - 11 sling bullets
 P - 16 bolts
 X - 59 arrows
Armour
 I - a +0 robe of cold resistance
 K - a +3 leather armour of positive energy
 N - a +1 ring mail of fire resistance
 V - a +0 scale mail (worn)
 W - a +0 large shield (worn)
 Z - a +2 cloak (worn)
Wands
 D - a wand of digging (4)
Scrolls
 Q - a scroll of remove curse
 R - a scroll of identify
 T - 6 scrolls of teleportation
Potions
 i - 3 potions of agility
 S - 2 potions of flight {unknown}
 U - 2 potions of curing {unknown}
 Y - a potion of haste {unknown}
Comestibles
 c - 7 rations
 J - 2 chunks of flesh


   Skills:
 - Level 3.6 Fighting
 + Level 10.9 Axes
 - Level 2.4 Armour
 - Level 2.1 Dodging


You had 6 spell levels left.
You didn't know any spells.
Your spell library was empty.

Dungeon Overview and Level Annotations

Branches:
Dungeon (4/15)
 Temple: D:4-7

Altars:
Xom
Zin

Annotations:
D:3 Duvessa


Innate Abilities, Weirdness & Mutations

You reflexively headbutt those who attack you in melee.
You have a pair of horns on your head.


Message History

You are too injured to fight recklessly!
Unknown command.
Duvessa closely misses you.
You hear a shout!
You see here a stone.
The orc throws a stone.
You block the stone.
You see here a stone.
Duvessa rages.
You block Duvessa's attack. You block Duvessa's attack.
Duvessa rages.
Duvessa hits you with a +0 short sword!
* * * LOW HITPOINT WARNING * * *
There is a stone staircase leading up here.
You block Duvessa's attack. x2
You climb upwards.
There is a stone staircase leading down here.
You fade into invisibility!
Duvessa hits you with a +0 short sword!
You die...

#.# ####.# #.# #.#
###.# #.# #.#
###...###.# ##.##
#.........# #...#
#.#.#######
###.#.###.#.#
##)..#...#.#.#
#..#####e#.#.#
#....#..@#.#.#
#.##.#.###.#.#
#.##...# #.#.#
#.###### #.#.# #.#
#.#.# ########.# #.#.#
##......#.########.#.#
.....................#
.......#############.#


You could see Duvessa (berserk).

Vanquished Creatures
  Eustachio (D:4)
  Edmund (D:3)
  2 ogres (D:4)
  Dowan (D:4)
  A scorpion (D:4)
  A centaur zombie (D:4)
  Crazy Yiuf (D:2)
  Natasha (D:2)
  Robin (D:4)
  A howler monkey skeleton (D:4)
  4 gnolls
  4 adders
  4 oozes
  An adder skeleton (D:4)
  A worm (D:3)
  2 dart slugs
  3 leopard geckos
  6 orcs
  8 giant cockroaches
  21 goblins
  9 hobgoblins
  4 jackals (D:3)
  2 quokkas
  7 bats
  2 frilled lizards
  9 kobolds
  A quokka skeleton (D:4)
  6 rats
105 creatures vanquished.

Notes
Turn   | Place    | Note
-------+----------+-------------------------------------------
     0 | D:1      | Larett the Minotaur Berserker began the quest for the Orb.
     0 | D:1      | Reached XP level 1. HP: 19/19 MP: 0/0
    41 | D:1      | Reached skill level 4 in Axes
   313 | D:1      | Reached XP level 2. HP: 24/26 MP: 1/1
   547 | D:1      | Reached skill level 5 in Axes
   620 | D:1      | Reached XP level 3. HP: 31/31 MP: 2/2
  1009 | D:2      | Reached ** piety under Trog
  1036 | D:2      | Noticed an angel
  1041 | D:2      | Found a glowing silver altar of Zin.
  1079 | D:2      | Found a runed door.
  1240 | D:2      | Found a shimmering altar of Xom.
  1405 | D:2      | Reached skill level 6 in Axes
  1405 | D:2      | Reached XP level 4. HP: 38/39 MP: 3/3
  1537 | D:2      | Noticed Natasha
  1546 | D:2      | Killed Natasha
  1694 | D:2      | Noticed Crazy Yiuf
  1702 | D:2      | Killed Crazy Yiuf
  1982 | D:3      | Reached XP level 5. HP: 45/45 MP: 4/4
  1991 | D:3      | Reached skill level 7 in Axes
  2680 | D:4      | Noticed Edmund
  2752 | D:3      | Killed Edmund
  2752 | D:3      | Reached skill level 8 in Axes
  2752 | D:3      | Reached XP level 6. HP: 21/51 MP: 5/5
  2895 | D:4      | Noticed Robin
  2904 | D:4      | Killed Robin
  3013 | D:4      | Reached skill level 9 in Axes
  3027 | D:4      | Reached *** piety under Trog
  3442 | D:4      | Reached XP level 7. HP: 27/57 MP: 6/6
  3657 | D:4      | Reached skill level 10 in Axes
  3658 | D:4      | Noticed Eustachio
  3660 | D:4      | Noticed Dowan
  3727 | D:4      | Killed Dowan
  3736 | D:4      | Killed Eustachio
  3783 | D:4      | Identified the +3 robe of the Hot Ocelot {Dex+4}
  3783 | D:4      | Noticed Duvessa
  3803 | D:3      | Slain by Duvessa

Vault maps used:
D:1:      lightli_arrival_maybe_door_vault
D:2:      grunt_temple_overflow_order_and_chaos_1, minivault_23,
          minmay_pentomino_p4, uniq_crazy_yiuf_cottage, uniq_natasha
D:3:      kennysheep_nondescript
D:4:      first_ration, uniq_duvessa, uniq_eustachio, uniq_robin, uniq_pikel,
          uniq_edmund

Skill      XL: |  1  2  3  4  5  6  7 |
---------------+----------------------+-----
Axes           | 4 5 6 8 9 10 | 10.9
Fighting       | |  3.6
Armour         | |  2.4
Dodging        | |  2.1

Action                   |  1- 3 |  4- 6 |  7- 9 || total
-------------------------+-------+-------+-------++-------
Melee: Hand axe          |    96 |   133 |    29 ||   258
       Headbutt          |    19 |    32 |     6 ||    57
       Flail             |       |    47 |       ||    47
 Fire: Hunting sling     |       |    11 |       ||    11
Throw: Stone             |       |     1 |       ||     1
Invok: Trog's Hand       |       |     2 |       ||     2
       Berserk           |       |     1 |     1 ||     2
  Use: Scroll            |     4 |     2 |       ||     6
       Potion            |       |       |     1 ||     1
  Eat: Chunk             |     2 |     7 |     3 ||    12
Armor: Animal skin       |    19 |       |       ||    19
       Scale mail        |     7 |   112 |     5 ||   124
Dodge: Dodged            |    58 |    26 |     7 ||    91
Block: Large shield      |     4 |   133 |    29 ||   166

Table legend:
 A = Non-vault XP
 B = Vault XP
 C = Vault XP percentage of total XP
 D = Non-vault monster count
 E = Vault monster count
 F = Vault count percentage of total count
                 A         B        C        D         E       F
            +---------+---------+-------+---------+---------+-------
      Total |     648 |     547 |  45.8 |      86 |      19 |  18.1
            +---------+---------+-------+---------+---------+-------
        D:1 |      45 |       0 |   0.0 |      20 |       0 |   0.0
        D:2 |      55 |      77 |  58.3 |      21 |       4 |  16.0
        D:3 |     125 |     161 |  56.3 |      30 |       5 |  14.3
        D:4 |     423 |     309 |  42.2 |      15 |      10 |  40.0
            +---------+---------+-------+---------+---------+-------
